 Dungeon Crawl Stone Soup version 0.17.1-2-g5865329 (webtiles) character file.

399 Jerry the Skirmisher (level 6, -4/43 HPs)
             Began as an Octopode Fighter on Jan 27, 2016.
             Was an Initiate of Cheibriados.
             Slain by sKa's ghost (7 damage)
             ... on level 4 of the Dungeon.
             The game lasted 00:16:16 (4880 turns).

Jerry the Skirmisher (Octopode Fighter)             Turns: 4880, Time: 00:16:16

Health: -4/43      AC:  1    Str: 17    XL:     6   Next: 84%
Magic:  0/6        EV: 12    Int: 11    God:    Cheibriados [......]
Gold:   220        SH:  9    Dex: 14    Spells: 0 memorised, 5 levels left

rFire  . . .     SeeInvis .     a - +0 long sword
rCold  . . .     Clarity  .     b - +0 shield
rNeg   . . .     SustAt   +     (helmet restricted)
rPois  .         Gourm    .     (no amulet)
rElec  .         Spirit   .     y - ring of sustain attributes
rCorr  .         Warding  .     (no ring)
rMut   .         Stasis   .     (no ring)
MR     .....                    (no ring)
Stlth  ++++......               (no ring)
                                (no ring)
                                (no ring)
                                (no ring)

@: very slow, not resistant to hostile enchantments, stealthy
A: almost no armour, amphibious, 8 rings, constrict 8, camouflage 1, gelatinous
body 1
a: Bend Time, Renounce Religion


You were on level 4 of the Dungeon.
You worshipped Cheibriados.
Cheibriados was noncommittal.
You were hungry.

You visited 2 branches of the dungeon, and saw 5 of its levels.

You collected 220 gold pieces.

Inventory:

Hand Weapons
 a - a +0 long sword (weapon)
Missiles
 q - 41 stones (quivered)
Armour
 b - a +0 shield (worn)
Jewellery
 y - a ring of sustain attributes (left tentacle)
Wands
 v - a wand of cold (11)
Scrolls
 e - 4 scrolls of identify {unknown}
 f - a scroll of fear {unknown}
 g - 4 scrolls of remove curse {unknown}
 l - a scroll of amnesia {unknown}
 o - 2 scrolls of noise {unknown}
 r - 2 scrolls of magic mapping {unknown}
 s - a scroll of recharging {unknown}
Potions
 c - a potion of might
 h - 2 potions of magic {unknown}
 j - a potion of cure mutation {unknown}
 k - a potion of cancellation {unknown}
 p - a potion of heal wounds {unknown}
 t - 3 potions of poison {unknown}
 u - a potion of brilliance {unknown}
 x - a potion of lignification {unknown}
 z - a potion of flight {unknown}
Comestibles
 d - 7 bread rations
 i - 3 fruits
 m - a meat ration
 n - 2 beef jerkies
 w - a slice of pizza


   Skills:
 + Level 4.3 Fighting
 + Level 3.3 Long Blades
 + Level 4.3 Dodging
 + Level 3.8 Stealth
 + Level 4.3 Shields


You had 5 spell levels left.
You didn't know any spells.

Dungeon Overview and Level Annotations

Branches:
Dungeon (4/15)             Temple (1/1) D:4

Altars:
Ashenzari
Cheibriados
Dithmenos
Elyvilon
Gozag
Kikubaaqudgha
Makhleb
Qazlal
Ru
Sif Muna
Trog
Xom
Zin
The Shining One

Annotations:
D:4 sKa's ghost, amateur CeHu


Innate Abilities, Weirdness & Mutations

You cannot wear most types of armour.
You are amphibious.
You can wear up to eight rings at the same time.
You can use your tentacles to constrict eight enemies at once.
Your skin changes colour to match your surroundings (Stealth).
Your rubbery body absorbs attacks (AC +1).


Message History

SKa's ghost is lightly damaged.
SKa's ghost hits you! x2
* * * LOW HITPOINT WARNING * * *
The flow of time bends around you.
SKa's ghost resists with some effort.
You feel slightly more hungry. SKa's ghost closely misses you.
The flow of time bends around you.
SKa's ghost resists with some effort.
You feel slightly more hungry. You block sKa's ghost's attack.
You hit sKa's ghost.
SKa's ghost is lightly damaged.
You block sKa's ghost's attack.
A hound comes into view.
The hound barks!
You hit sKa's ghost but do no damage.
SKa's ghost is lightly damaged.
The hound moves out of view.
SKa's ghost hits you.
* * * LOW HITPOINT WARNING * * *
You hit sKa's ghost but do no damage.
SKa's ghost is lightly damaged.
SKa's ghost hits you!
You die...

#....#...# ######
####....'...# ...$..
##..#....#...# ......
#...#....#...#
......######..'....+...#
....)......#..#....#...#
...........+..#<...#....
...........####....###+#
......W@................
.....h#####.............
..... #.............
.... #............. ...
#######+#..... .. .....
. ..... .... ...


You could see a hound and sKa's ghost.

Vanquished Creatures
  2 orc wizards
  2 orc priests (D:3)
  A giant frog skeleton (D:3)
  3 gnolls (D:3)
  14 adders
  2 oozes (D:2)
  A worm (D:2)
  3 giant geckos
  3 orcs
  6 goblins
  7 hobgoblins
  6 jackals
  9 kobolds
  3 quokkas
  2 ball pythons (D:3)
  11 bats
  4 giant cockroaches
  6 giant newts
  2 rats
87 creatures vanquished.

Notes
Turn   | Place    | Note
--------------------------------------------------------------
     0 | D:1      | Jerry the Octopode Fighter began the quest for the Orb.
     0 | D:1      | Reached XP level 1. HP: 16/16 MP: 1/1
   349 | D:1      | Reached skill level 1 in Stealth
   349 | D:1      | Reached XP level 2. HP: 21/21 MP: 2/2
   967 | D:2      | Reached XP level 3. HP: 26/26 MP: 3/3
  1645 | D:2      | Reached XP level 4. HP: 28/31 MP: 4/4
  1898 | D:2      | Found a stormy altar of Qazlal.
  2152 | D:2      | Found a bloodstained altar of Trog.
  2322 | D:3      | Reached XP level 5. HP: 24/37 MP: 5/5
  2713 | D:3      | Reached skill level 4 in Fighting
  3011 | D:3      | Reached XP level 6. HP: 16/43 MP: 6/6
  4600 | D:4      | Found a staircase to the Ecumenical Temple.
  4616 | Temple   | Entered the Ecumenical Temple
  4695 | Temple   | Became a worshipper of Cheibriados the Contemplative
  4870 | D:4      | Noticed sKa's ghost (amateur CeHu)
  4880 | D:4      | Slain by sKa's ghost

Action                   |  1- 3 |  4- 6 || total
-------------------------+-------+-------++-------
Melee: Long sword        |    48 |   130 ||   178
Throw: Stone             |       |     3 ||     3
Invok: Bend Time         |       |     2 ||     2
 Stab: Sleeping          |    10 |    11 ||    21
  Eat: Chunk             |     2 |    10 ||    12
